TOP OF THE 1ST |
Oliver Ames HS Tigers batting - Pitching for Bishop Verot HS : RHP Chris Hamilton
|
Pitching: RHP Chris Hamilton
|
|
Batting: RHB Quentin Underwood
|
0-0: Called Strike 0-1: Called Strike 0-2: Ball 1-2: Foul Ball, location: 2F 1-2: Ball 2-2: Foul Ball, location: 2F 2-2: Ball 3-2: Base on Balls
|
Batting: RHB Earl Frank
|
0-0: 2-RUN HOME RUN (Flyball, 7D), Distance : 372 ft
|
Batting: RHB David Morgan
|
0-0: Ball 1-0: Ball 2-0: Ball 3-0: Called Strike 3-1: Called Strike 3-2: Base on Balls
|
Batting: SHB David Castaneda
|
0-0: SINGLE (Groundball, 6M) David Morgan to second Runner from 2nd tries for 3rd, SAFE, throw made to third
|
Batting: RHB River Hall
|
0-0: Ball 1-0: Ball 2-0: Foul Ball, location: 2F 2-1: Swinging Strike 2-2: Strikes out swinging
|
Batting: LHB Jason King
|
0-0: Foul Ball, location: 2F 0-1: Ball 1-1: Ball 2-1: Called Strike 2-2: Ball 3-2: Base on Balls David Castaneda to second
|
Batting: LHB Tracy Becker
|
0-0: Swinging Strike 0-1: Called Strike 0-2: Ball 1-2: Grounds out, U3 (Groundball, 3L) David Morgan scores David Castaneda to third
|
Batting: RHB Pat Young
|
0-0: Ball 1-0: Called Strike 1-1: Called Strike 1-2: Strikes out looking
|
Top of the 1st over - 3 run(s), 2 hit(s), 0 error(s), 2 left on base; Oliver Ames HS 3 - Bishop Verot HS 0 |
BOTTOM OF THE 1ST |
Bishop Verot HS batting - Pitching for Oliver Ames HS Tigers : RHP Keith Thomas
|
Pitching: RHP Keith Thomas
|
|
Batting: LHB Jim Hall
|
0-0: Swinging Strike 0-1: DOUBLE (Groundball, 3L)
|
Batting: RHB Chris Seals
|
0-0: Called Strike Jim Hall is caught stealing 3rd base 0-1: Ball 1-1: SINGLE (Groundball, 6MD)
|
Batting: RHB Brian Bailey
|
0-0: SINGLE (Groundball, 34D) Chris Seals to second Runner from 2nd tries for 3rd, SAFE, no throw or cutoff
|
Batting: RHB Bob Fitzgerald
|
0-0: Ball 1-0: Called Strike 1-1: Ball 2-1: Foul Ball, location: 2F 2-2: Ball 3-2: Base on Balls Brian Bailey to second
|
Batting: LHB Pedro Padilla
|
0-0: Ball Single, Error in OF, E8, batter to second base Chris Seals scores Brian Bailey scores Bob Fitzgerald to third
|
Batting: RHB Bill Ford
|
0-0: Ground out 5-3 (Groundball, 5)
|
Batting: RHB Carlos Sánchez
|
Single, Error in OF, E8, batter to second base Bob Fitzgerald scores Pedro Padilla scores
|
Batting: RHB George Lutz
|
0-0: Ball 1-0: Foul Ball, location: 2F 1-1: Foul Ball, location: 2F 1-2: Strikes out swinging
|
Bottom of the 1st over - 4 run(s), 5 hit(s), 2 error(s), 1 left on base; Oliver Ames HS 3 - Bishop Verot HS 4 |
TOP OF THE 2ND |
Oliver Ames HS Tigers batting - Pitching for Bishop Verot HS : RHP Chris Hamilton
|
Batting: SHB Lee Dean
|
0-0: Ball 1-0: Fly out, F6 (Popup, 6)
|
Batting: RHB Quentin Underwood
|
0-0: Ball 1-0: Ball 2-0: Ball 3-0: Called Strike 3-1: Foul Ball, location: 2F 3-2: Foul Ball, location: 2F 3-2: Base on Balls
|
Batting: RHB Earl Frank
|
0-0: Ground out U3 (Groundball, 3S) Quentin Underwood to second
|
Batting: RHB David Morgan
|
0-0: Called Strike 0-1: Called Strike 0-2: Foul Ball, location: 2F 0-2: Ball 1-2: Ball 2-2: Strikes out swinging
|
Top of the 2nd over - 0 run(s), 0 hit(s), 0 error(s), 1 left on base; Oliver Ames HS 3 - Bishop Verot HS 4 |
BOTTOM OF THE 2ND |
Bishop Verot HS batting - Pitching for Oliver Ames HS Tigers : RHP Keith Thomas
|
Batting: RHB Carson Allen
|
0-0: Called Strike 0-1: SINGLE (Groundball, 4MD)
|
Batting: LHB Jim Hall
|
0-0: SINGLE (Line Drive, 89S) Carson Allen to second
|
Batting: RHB Chris Seals
|
0-0: Called Strike 0-1: Ground out 4-3 (Groundball, 4S) Carson Allen to third Jim Hall to second
|
Batting: RHB Brian Bailey
|
0-0: Ball Wild Pitch! Carson Allen scores Jim Hall to third 1-0: Foul Ball, location: 2F 1-1: Foul Ball, location: 2F 1-2: Ball 2-2: SINGLE (Line Drive, 89S) Jim Hall scores
|
Batting: RHB Bob Fitzgerald
|
0-0: Ball 1-0: Called Strike 1-1: Ball 2-1: Fly out, F6 (Popup, 6D)
|
Batting: LHB Pedro Padilla
|
0-0: Ball 1-0: Swinging Strike 1-1: Fly out, F7 (Flyball, 78M)
|
Bottom of the 2nd over - 2 run(s), 3 hit(s), 0 error(s), 1 left on base; Oliver Ames HS 3 - Bishop Verot HS 6 |
TOP OF THE 3RD |
Oliver Ames HS Tigers batting - Pitching for Bishop Verot HS : RHP Chris Hamilton
|
Batting: SHB David Castaneda
|
0-0: Ball 1-0: Swinging Strike 1-1: Ball 2-1: Ball 3-1: Base on Balls
|
Batting: RHB River Hall
|
0-0: Swinging Strike 0-1: Called Strike David Castaneda is caught stealing 2nd base 0-2: Foul Ball, location: 2F 0-2: Ball 1-2: Foul Ball, location: 2F 1-2: Foul Ball, location: 2F 1-2: Foul Ball, location: 2F 1-2: Ball 2-2: SINGLE (Popup, 9S)
|
Batting: LHB Jason King
|
0-0: Called Strike 0-1: Ball Wild Pitch! River Hall to second 1-1: 2-RUN HOME RUN (Flyball, 9D), Distance : 363 ft
|
Batting: LHB Tracy Becker
|
0-0: Ball 1-0: Ball 2-0: Called Strike 2-1: Swinging Strike 2-2: Ground out 4-3 (Groundball, 6MS)
|
Batting: RHB Pat Young
|
0-0: Foul Ball, location: 2F 0-1: Foul Ball, location: 2F 0-2: Fly out, F8 (Flyball, 8RM)
|
Top of the 3rd over - 2 run(s), 2 hit(s), 0 error(s), 0 left on base; Oliver Ames HS 5 - Bishop Verot HS 6 |
BOTTOM OF THE 3RD |
Bishop Verot HS batting - Pitching for Oliver Ames HS Tigers : RHP Keith Thomas
|
Batting: RHB Bill Ford
|
0-0: Ball 1-0: Foul Ball, location: 2F 1-1: Foul Ball, location: 2F 1-2: Fly out, F7 (Flyball, 78M)
|
Batting: RHB Carlos Sánchez
|
0-0: Ball 1-0: Ground out 4-3 (Groundball, 4)
|
Batting: RHB George Lutz
|
0-0: Fly out, F9 (Flyball, 89M)
|
Bottom of the 3rd over - 0 run(s), 0 hit(s), 0 error(s), 0 left on base; Oliver Ames HS 5 - Bishop Verot HS 6 |
TOP OF THE 4TH |
Oliver Ames HS Tigers batting - Pitching for Bishop Verot HS : RHP Chris Hamilton
|
Batting: SHB Lee Dean
|
0-0: DOUBLE (Line Drive, 89M)
|
Batting: RHB Quentin Underwood
|
0-0: Ball 1-0: Ball 2-0: Ball 3-0: Called Strike 3-1: Foul Ball, location: 2F 3-2: Base on Balls
|
Pitching: RHP Tim Randell
|
|
Batting: RHB Earl Frank
|
0-0: Called Strike 0-1: Ball 1-1: Called Strike 1-2: Strikes out swinging
|
Batting: RHB David Morgan
|
0-0: Ball 1-0: Ball 2-0: Foul Ball, location: 2F 2-1: DOUBLE (Line Drive, 7LD) Lee Dean scores Quentin Underwood to third
|
Batting: SHB David Castaneda
|
0-0: Foul Ball, location: 2F 0-1: Fly out, F9 (Flyball, 89M) Runner from 3rd tags up, SCORES, throw made
|
Batting: RHB River Hall
|
0-0: Called Strike 0-1: Ball 1-1: Swinging Strike 1-2: Foul Ball, location: 2F 1-2: Strikes out swinging
|
Top of the 4th over - 2 run(s), 2 hit(s), 0 error(s), 1 left on base; Oliver Ames HS 7 - Bishop Verot HS 6 |
BOTTOM OF THE 4TH |
Bishop Verot HS batting - Pitching for Oliver Ames HS Tigers : RHP Keith Thomas
|
Batting: RHB Carson Allen
|
0-0: Called Strike 0-1: Fly out, F5 (Popup, 56S)
|
Batting: LHB Jim Hall
|
0-0: Swinging Strike 0-1: Ball 1-1: SINGLE (Groundball, 4M)
|
Batting: RHB Chris Seals
|
0-0: Ball 1-0: Fly out, F6 (Popup, 6)
|
Batting: RHB Brian Bailey
|
0-0: Ball 1-0: Ball 2-0: Called Strike Jim Hall steals 2nd base 2-1: DOUBLE (Line Drive, 8RM) Jim Hall scores
|
Batting: RHB Bob Fitzgerald
|
0-0: Called Strike 0-1: Ball 1-1: Ball 2-1: Foul Ball, location: 2F 2-2: Ball 3-2: Base on Balls
|
Batting: LHB Pedro Padilla
|
0-0: Foul Ball, location: 2F 0-1: Ball 1-1: Fly out, F8 (Flyball, 8RS)
|
Bottom of the 4th over - 1 run(s), 2 hit(s), 0 error(s), 2 left on base; Oliver Ames HS 7 - Bishop Verot HS 7 |
TOP OF THE 5TH |
Oliver Ames HS Tigers batting - Pitching for Bishop Verot HS : RHP Tim Randell
|
Batting: LHB Jason King
|
0-0: Fly out, F4 (Line Drive, 4MD)
|
Batting: LHB Tracy Becker
|
0-0: Foul Ball, location: 2F 0-1: Fly out, F8 (Flyball, 8LM)
|
Batting: RHB Pat Young
|
0-0: Ball 1-0: Fly out, F9 (Flyball, 89M)
|
Top of the 5th over - 0 run(s), 0 hit(s), 0 error(s), 0 left on base; Oliver Ames HS 7 - Bishop Verot HS 7 |
BOTTOM OF THE 5TH |
Bishop Verot HS batting - Pitching for Oliver Ames HS Tigers : RHP Keith Thomas
|
Batting: RHB Bill Ford
|
0-0: Ball 1-0: Swinging Strike 1-1: Fly out, F9 (Flyball, 89M)
|
Batting: RHB Carlos Sánchez
|
0-0: Called Strike 0-1: Ball 1-1: SINGLE (Line Drive, 9S)
|
Batting: RHB George Lutz
|
0-0: Called Strike 0-1: Foul Ball, location: 2F 0-2: Strikes out swinging
|
Batting: RHB Carson Allen
|
0-0: Called Strike 0-1: Ball 1-1: Ball 2-1: Foul Ball, location: 2F 2-2: Fly out, F7 (Flyball, 78M)
|
Bottom of the 5th over - 0 run(s), 1 hit(s), 0 error(s), 1 left on base; Oliver Ames HS 7 - Bishop Verot HS 7 |
TOP OF THE 6TH |
Oliver Ames HS Tigers batting - Pitching for Bishop Verot HS : RHP Tim Randell
|
Batting: SHB Lee Dean
|
0-0: Fly out, F9 (Flyball, 89M)
|
Batting: RHB Quentin Underwood
|
0-0: Called Strike 0-1: SINGLE (Line Drive, 8RS)
|
Batting: RHB Earl Frank
|
0-0: Called Strike 0-1: Called Strike 0-2: Strikes out looking
|
Batting: RHB David Morgan
|
0-0: Called Strike 0-1: Ball 1-1: SINGLE (Flyball, 89S) Quentin Underwood to second Runner from 2nd tries for 3rd, SAFE, throw made to third
|
Batting: SHB David Castaneda
|
0-0: Ball 1-0: Foul Ball, location: 2F 1-1: Called Strike 1-2: SINGLE (Line Drive, 56D) Quentin Underwood scores David Morgan to second
|
Pitching: LHP Tommy Henderson
|
|
Batting: RHB River Hall
|
0-0: Ball 1-0: Ground out 5-3 (Groundball, 56S)
|
Top of the 6th over - 1 run(s), 3 hit(s), 0 error(s), 2 left on base; Oliver Ames HS 8 - Bishop Verot HS 7 |
BOTTOM OF THE 6TH |
Bishop Verot HS batting - Pitching for Oliver Ames HS Tigers : RHP Keith Thomas
|
Batting: LHB Jim Hall
|
0-0: Ball 1-0: Swinging Strike 1-1: SINGLE (Groundball, 34S)
|
Pitching: LHP Elton Wilson
|
|
Batting: RHB Chris Seals
|
0-0: Ball 1-0: Foul Ball, location: 2F 1-1: Grounds into double play, 6-4-3 (Groundball, 6)
|
Batting: RHB Brian Bailey
|
0-0: Ball 1-0: Ground out 3-1 (Groundball, 34S)
|
Bottom of the 6th over - 0 run(s), 1 hit(s), 0 error(s), 0 left on base; Oliver Ames HS 8 - Bishop Verot HS 7 |
TOP OF THE 7TH |
Oliver Ames HS Tigers batting - Pitching for Bishop Verot HS : LHP Tommy Henderson
|
Batting: LHB Jason King
|
0-0: Ball 1-0: Ball 2-0: Called Strike 2-1: Swinging Strike 2-2: Ground out 6-3 (Groundball, 6S)
|
Batting: LHB Tracy Becker
|
0-0: Ball 1-0: Foul Ball, location: 2F 1-1: Foul Ball, location: 2F 1-2: Ball 2-2: Ball 3-2: Ground out 4-3 (Groundball, 4)
|
Batting: RHB Pat Young
|
0-0: Ball 1-0: Foul Ball, location: 2F 1-1: DOUBLE (Groundball, 5L)
|
Batting: SHB Lee Dean
|
0-0: Ball 1-0: Ball 2-0: Ball 3-0: Base on Balls
|
Batting: RHB Quentin Underwood
|
0-0: Called Strike 0-1: Ball 1-1: SINGLE (Groundball, 23) (infield hit) Pat Young to third Lee Dean to second
|
Batting: RHB Earl Frank
|
0-0: DOUBLE (Line Drive, 7LM) Pat Young scores Lee Dean scores Quentin Underwood to third Runner from 3rd tries for Home, SAFE, no throw or cutoff
|
Pitching: RHP Marcos Lozano
|
|
Batting: RHB David Morgan
|
0-0: Called Strike 0-1: Swinging Strike 0-2: Ground out 1-3 (Groundball, 15)
|
Top of the 7th over - 3 run(s), 3 hit(s), 0 error(s), 1 left on base; Oliver Ames HS 11 - Bishop Verot HS 7 |
BOTTOM OF THE 7TH |
Bishop Verot HS batting - Pitching for Oliver Ames HS Tigers : LHP Elton Wilson
|
Batting: RHB Bob Fitzgerald
|
0-0: Ball 1-0: Foul Ball, location: 2F 1-1: Ball 2-1: SINGLE (Line Drive, 34)
|
Batting: LHB Pedro Padilla
|
0-0: Called Strike 0-1: Ball 1-1: Foul Ball, location: 2F 1-2: SINGLE (Line Drive, 34) Bob Fitzgerald to second
|
Batting: RHB Bill Ford
|
0-0: Called Strike 0-1: Swinging Strike 0-2: Strikes out swinging
|
Batting: RHB Carlos Sánchez
|
0-0: Called Strike 0-1: Foul Ball, location: 2F 0-2: Ball 1-2: Ball 2-2: Foul Ball, location: 2F 2-2: Strikes out swinging
|
Batting: RHB George Lutz
|
0-0: Foul Ball, location: 2F 0-1: Swinging Strike 0-2: Foul Ball, location: 2F 0-2: Ball Wild Pitch! Bob Fitzgerald to third Pedro Padilla to second 1-2: Ball 2-2: Foul Ball, location: 2F 2-2: Ball 3-2: Strikes out swinging
|
Bottom of the 7th over - 0 run(s), 2 hit(s), 0 error(s), 2 left on base; Oliver Ames HS 11 - Bishop Verot HS 7 |
TOP OF THE 8TH |
Oliver Ames HS Tigers batting - Pitching for Bishop Verot HS : RHP Marcos Lozano
|
Batting: SHB David Castaneda
|
0-0: Ball 1-0: Fly out, F9 (Flyball, 9D)
|
Batting: RHB River Hall
|
0-0: Swinging Strike 0-1: Ball 1-1: Swinging Strike 1-2: Ball 2-2: Strikes out looking
|
Batting: LHB Jason King
|
0-0: DOUBLE (Line Drive, 3L)
|
Batting: LHB Tracy Becker
|
0-0: Ball 1-0: Called Strike 1-1: Ground out 1-3 (Groundball, 15)
|
Top of the 8th over - 0 run(s), 1 hit(s), 0 error(s), 1 left on base; Oliver Ames HS 11 - Bishop Verot HS 7 |
BOTTOM OF THE 8TH |
Bishop Verot HS batting - Pitching for Oliver Ames HS Tigers : LHP Elton Wilson
|
Pitching: LHP Andrew Mock
|
|
Batting: RHB Carson Allen
|
0-0: Ground out 6-3 (Groundball, 6)
|
Batting: LHB Jim Hall
|
0-0: Swinging Strike 0-1: Swinging Strike 0-2: Ball 1-2: Ball 2-2: Foul Ball, location: 2F 2-2: Ball 3-2: Base on Balls
|
Batting: RHB Chris Seals
|
0-0: Ball 1-0: Reached on error, E6 (Groundball, 6M) Jim Hall to second
|
Pitching: RHP Jim Pope
|
|
Batting: RHB Brian Bailey
|
0-0: Ground out 5-3 (Groundball, 5S) Jim Hall to third Chris Seals to second
|
Batting: RHB Bob Fitzgerald
|
0-0: Ball 1-0: Foul Ball, location: 2F 1-1: Ball 2-1: Fly out, F1 (Popup, 13S)
|
Bottom of the 8th over - 0 run(s), 0 hit(s), 1 error(s), 2 left on base; Oliver Ames HS 11 - Bishop Verot HS 7 |
TOP OF THE 9TH |
Oliver Ames HS Tigers batting - Pitching for Bishop Verot HS : RHP Marcos Lozano
|
Pitching: RHP Jacob Wallace
|
|
Batting: RHB Pat Young
|
0-0: Foul Ball, location: 2F 0-1: Called Strike 0-2: Strikes out swinging
|
Batting: SHB Lee Dean
|
0-0: Called Strike 0-1: Foul Ball, location: 2F 0-2: Foul Ball, location: 2F 0-2: Ball 1-2: Foul Ball, location: 2F 1-2: Ball 2-2: SINGLE (Popup, 4MD)
|
Batting: RHB Quentin Underwood
|
0-0: Called Strike 0-1: Ball 1-1: Ball 2-1: Ball Lee Dean steals 2nd base 3-1: Called Strike 3-2: Foul Ball, location: 2F 3-2: Strikes out looking
|
Batting: RHB Earl Frank
|
0-0: Foul Ball, location: 2F 0-1: Called Strike 0-2: Ball 1-2: Ball 2-2: Strikes out swinging
|
Top of the 9th over - 0 run(s), 1 hit(s), 0 error(s), 1 left on base; Oliver Ames HS 11 - Bishop Verot HS 7 |
BOTTOM OF THE 9TH |
Bishop Verot HS batting - Pitching for Oliver Ames HS Tigers : RHP Jim Pope
|
Batting: LHB Pedro Padilla
|
0-0: Ball 1-0: Ball 2-0: Called Strike 2-1: SINGLE (Line Drive, 4MD)
|
Batting: RHB Bill Ford
|
0-0: SINGLE (Groundball, 4MD) Pedro Padilla to second Runner from 2nd tries for 3rd, SAFE, no throw or cutoff
|
Pitching: RHP John Bascombe
|
|
Batting: RHB Carlos Sánchez
|
0-0: Ball 1-0: Ball 2-0: Ball 3-0: Base on Balls Bill Ford to second
|
Batting: RHB George Lutz
|
0-0: Called Strike 0-1: Foul Ball, location: 2F 0-2: SINGLE (Line Drive, 4M) Pedro Padilla scores Bill Ford to third Carlos Sánchez to second
|
Batting: RHB Carson Allen
|
0-0: Called Strike 0-1: Ball 1-1: Ball 2-1: SINGLE (Line Drive, 6MD) Bill Ford scores Carlos Sánchez to third George Lutz to second Runner from 3rd tries for Home, SAFE, no throw or cutoff
|
Batting: LHB Jim Hall
|
0-0: SINGLE (Groundball, 6MD) George Lutz to third Carson Allen to second
|
Batting: RHB Chris Seals
|
0-0: Called Strike 0-1: Called Strike 0-2: Ball 1-2: SINGLE (Line Drive, 56D) George Lutz scores Carson Allen to third Jim Hall to second
|
Batting: RHB Brian Bailey
|
0-0: Ball 1-0: Called Strike 1-1: Foul Ball, location: 2F 1-2: Strikes out looking
|
Batting: RHB Bob Fitzgerald
|
0-0: Called Strike 0-1: Swinging Strike 0-2: Fly out, F4 (Popup, 34)
|
Batting: LHB Pedro Padilla
|
0-0: Ball 1-0: Foul Ball, location: 2F 1-1: Ball 2-1: Ball 3-1: Base on Balls Carson Allen scores Jim Hall to third Chris Seals to second
|
Monday, December 5th, 2016 - OOTP Baseball 17.12 Build 75
|
|